 Seeded DCSS version 0.30.1-11-g7821555f0a (webtiles) character file.

Game seed: 430007637681659361 (custom seed)

42 mattiecakes the Ducker (level 3, 0/17 HPs)
             Began as a Felid Berserker on Nov 9, 2023.
             Was a Believer of Trog.
             Slain by Terence
             ... wielding a +0 hand axe of electrocution
              (10 damage)
             ... on level 2 of the Dungeon.
             The game lasted 00:03:04 (765 turns).

mattiecakes the Ducker (Felid Berserker)             Turns: 765, Time: 00:03:05

Health: 0/17       AC:  1    Str: 13    XL:     3   Next: 35%
Magic:  4/4        EV: 19    Int:  8    God:    Trog [**....]
Gold:   50         SH:  0    Dex: 17    Spells: 2/2 levels left
                                        Lives:  0   Deaths: 0

rFire   . .          .
                       - Unarmed
rCold   . . .        (shield unavailable)
rNeg    . . .        (body armour unavailable)
rPois   .            (helmet unavailable)
rElec   .            (cloak unavailable)
rCorr   .            (gloves unavailable)
SInv    +            (boots unavailable)
Will    .....        (no amulet)
Stlth   ++           f - ring of flight
HPRegen 0.22/turn    (no ring)
MPRegen 0.09/turn

%: no passive effects
@: flying, quick
A: very small, claws 1, fangs 3, see invisible, speed 1, shaggy fur 1, stealthy
paws, no weapons or thrown items, no armour, multi-lived
a: Renounce Religion, Berserk, Trog's Hand


You were on level 2 of the Dungeon.
You worshipped Trog.
Trog was pleased with you.
You visited 1 branch of the dungeon, and saw 2 of its levels.

You collected 50 gold pieces.

Inventory:

Jewellery
 f - a ring of flight (left paw)
Scrolls
 a - 2 scrolls of noise {unknown}
 b - a scroll of vulnerability {unknown}
 d - a scroll of identify {unknown}
 e - a scroll of brand weapon {unknown}
 h - a scroll of fear {unknown}
Potions
 c - a potion of curing {unknown}
 g - a potion of cancellation {unknown}
 i - a potion of ambrosia {unknown}


   Skills:
 + Level 3.4 Fighting
 + Level 4.5 Dodging
 + Level 2.1 Stealth
 + Level 3.4 Unarmed Combat


You had 2 spell levels left.
You didn't know any spells.
Your spell library was empty.

Dungeon Overview and Level Annotations

Branches:
Dungeon (2/15)

Altars:

Annotations:
D:2 Terence


Innate Abilities, Weirdness & Mutations

You have sharp claws.
You have razor-sharp teeth.
You have supernaturally acute eyesight. (SInv)
You cover ground quickly. (Speed+)
You are covered in fur. (AC +1)
Your paws help you pounce on unaware monsters.
You are incapable of wielding weapons or throwing items.
You cannot wear armour.
You gain extra lives every three experience levels.


Message History

The adder is moderately wounded.
You feel sick. The adder misses you.
You scratch the adder but do no damage.
The adder is moderately wounded.
The adder completely misses you.
You closely miss the adder. Your bite misses the adder.
The adder is moderately wounded.
You feel sick. The adder closely misses you.
You barely miss the adder.
The adder is moderately wounded.
You feel sick. The adder barely misses you.
You miss the adder. You bite the adder.
The adder is severely wounded.
You feel sick. The adder barely misses you.
The adder bites you but does no damage.
You closely miss the adder.
The adder is severely wounded.
You feel sick.
You are no longer poisoned.
The adder closely misses you.
You closely miss the adder. Your bite misses the adder.
The adder is severely wounded.
The adder misses you.
You closely miss the adder.
The adder is severely wounded.
Terence shouts!
The adder bites you but does no damage.
You claw the adder!
You kill the adder!
Trog accepts your kill.
A ball python comes into view.
Your Stealth skill increases to level 2!
A rat comes into view.
Terence misses you.
The ball python hisses angrily.
You claw Terence!
Terence is moderately wounded.
Terence hits you with a +0 hand axe of electrocution!
Ouch! That really hurt!
You die...

#####.#####.#
#...†<# #.#
#..##### #.#
.. #.# #(###
##...## ###
##.....##....
##............
#.....@@....r.
#.............
#.............
#...[....S....
#(............
#.............
##............
##......#....


You could see Terence, a ball python and a rat.

Vanquished Creatures
  An adder (D:2)
  A dart slug (D:1)
  An endoplasm (D:1)
  4 giant cockroaches
  2 goblins (D:1)
  3 hobgoblins (D:1)
  2 quokkas (D:1)
  5 ball pythons (D:1)
  6 bats (D:1)
  A frilled lizard (D:1)
  A kobold (D:1)
  4 rats (D:1)
31 creatures vanquished.

Notes
Turn   | Place    | Note
-------+----------+-------------------------------------------
     0 | D:1      | mattiecakes the Felid Berserker began the quest for the
                  | Orb.
     0 | D:1      | Reached XP level 1. HP: 10/10 MP: 2/2
   154 | D:1      | Reached skill level 1 in Stealth
   154 | D:1      | Reached XP level 2. HP: 4/14 MP: 3/3
   527 | D:1      | Reached ** piety under Trog
   593 | D:1      | Reached XP level 3. HP: 17/17 MP: 4/4
   747 | D:2      | Noticed Terence
   765 | D:2      | Slain by Terence

Illustrated notes

Levels and vault maps discovered:
D:1:      wander_arrival_chamber, layout_basic, kennysheep_boxes
D:2:      layout_rooms, dilly_ecumenical_altar_fadedgnrine, basic_altar,
          uniq_terence

Skill      XL: |  1  2  3 |
---------------+----------+-----
Stealth        | 1 2 |  2.1
Fighting       | |  3.4
Dodging        | |  4.5
Unarmed Combat | |  3.4

Action                     || total
---------------------------++-------
  Melee: Unarmed           ||    90
         Bite              ||     4
         Punch             ||     3
   Stab: Sleeping          ||     5
 Armour: Skin              ||     8
  Dodge: Dodged            ||    69
